[Event "November 21 Early 2023"]
[Site "https://www.chess.com"]
[Date "2023.11.21"]
[Round "4"]
[White "Witty_Alien"]
[Black "Reprintsev, Alexander"]
[Result "1-0"]
[Board "180"]
[TimeControl "180+1"]
[BlackFideId "14100541"]
[WhiteElo "2278"]
[BlackElo "2229"]
[BlackTeam "UKR"]
[WhiteClock "0:00:03"]
[BlackClock "0:00:00"]

1. e4 d5 2. exd5 Qxd5 3. Nc3 Qa5 4. b4 Qxb4 5. Rb1 Qd6 6. Nf3 Nf6 7. Bc4 e6 8. d4 Be7 9. O-O O-O 10. Ne5 Nc6 11. Bf4 Nxe5 12. Bxe5 Qc6 13. Bd3 Qxc3 14. Rb3 Qc6 15. Bxf6 Re8 16. Bxh7+ Kf8 17. Bxg7+ Kxg7 18. Qg4+ Bg5 19. Qxg5+ Kf8 20. Rh3 e5 21. Be4 Bxh3 22. Bxc6 bxc6 23. Qh6+ Ke7 24. Qxh3 exd4 25. Re1+ Kd6 26. Qg3+ Kc5 27. Qa3+ Kd5 28. Qb3+ Kc5 29. Qa3+ Kd5 30. Qf3+ Kc5 31. Qf5+ Kd6 32. Qf6+ Kc5 33. Qg5+ Kc4 34. Rd1 Rad8 35. Qf6 c5 36. Qxf7+ Kb5 37. Rb1+ Kc6 38. Qf6+ Kd5 39. h4 Rf8 40. Qg5+ Kc4 41. h5 Rd6 42. Qd2 Rh8 43. Qd3+ Kd5 44. Qf3+ Ke6 45. Re1+ Kd7 46. Qf7+ Kc6 47. Re7 1-0

[Event "November 21 Early 2023"]
[Site "https://www.chess.com"]
[Date "2023.11.21"]
[Round "4"]
[White "Pinero Rodriguez, Carlos Jose"]
[Black "Alhadad, Mahmoud"]
[Result "1-0"]
[Board "181"]
[TimeControl "180+1"]
[WhiteFideId "3901726"]
[BlackFideId "11501863"]
[WhiteElo "2191"]
[BlackElo "1955"]
[WhiteTeam "VEN"]
[BlackTeam "PLE"]
[WhiteClock "0:00:45"]
[BlackClock "0:00:12"]

1. e4 d5 2. e5 c5 3. g3 Nc6 4. f4 Bf5 5. Bg2 e6 6. d3 h5 7. Nf3 f6 8. exf6 Nxf6 9. h3 Qb6 10. O-O c4+ 11. d4 Ne4 12. Kh2 Bd6 13. c3 O-O-O 14. Ne5 g5 15. Nf7 Bb8 16. Nxh8 Rxh8 17. Nd2 h4 18. Nxe4 dxe4 19. g4 gxf4 20. Bxf4 Bxf4+ 21. Rxf4 Qc7 22. Qd2 Bg6 23. Rf1 e5 24. dxe5 Nxe5 25. Kh1 Rd8 26. Qe3 Rd3 27. Qxa7 Nf3 28. Rf8+ Kd7 29. Bxf3 exf3 30. Qa8 Qg3 31. Qd8+ Kc6 32. Qb8 Qxh3+ 33. Qh2 Qg2+ 34. Qxg2 fxg2+ 35. Kxg2 Be4+ 36. Kh2 h3 37. R8f6+ Kc7 38. R6f4 Rd2+ 39. R1f2 Rxf2+ 40. Rxf2 Bd3 41. Kxh3 Kd6 42. Kg3 Ke7 43. Rf5 Bb1 44. Rb5 Bxa2 45. Rxb7+ Kd6 46. Rb5 Kc6 47. Rf5 Bb1 48. Kf4 Bxf5 49. Kxf5 Kb5 50. Kf6 Ka4 51. g5 Kb3 52. g6 Kxb2 53. g7 Kxc3 54. g8=Q Kb3 55. Qb8+ Kc2 56. Qh2+ Kb3 57. Qd2 c3 58. Qc1 c2 59. Ke5 Kc3 60. Ke4 Kb3 61. Kd3 Ka2 62. Qxc2+ Ka1 63. Qg2 Kb1 64. Kc3 Kc1 65. Qg1# 1-0

[Event "November 21 Early 2023"]
[Site "https://www.chess.com"]
[Date "2023.11.21"]
[Round "4"]
[White "Skibbe, Willi"]
[Black "HeroWilczek"]
[Result "1-0"]
[Board "182"]
[TimeControl "180+1"]
[WhiteFideId "4682190"]
[WhiteElo "2253"]
[BlackElo "2475"]
[WhiteTeam "GER"]
[WhiteClock "0:00:03"]
[BlackClock "0:00:21"]

1. e4 c6 2. Nf3 d5 3. exd5 cxd5 4. Ne5 Nc6 5. Bb5 Qb6 6. Nc3 Nf6 7. O-O e6 8. d4 Bd6 9. Bg5 Nd7 10. Ng4 h6 11. Be3 Qc7 12. Bd3 a6 13. f4 h5 14. Ne5 Nf6 15. Qe1 Bxe5 16. fxe5 Ng4 17. h3 Nxe3 18. Qxe3 Qb6 19. Na4 Qxd4 20. Qxd4 Nxd4 21. Nb6 Rb8 22. c4 dxc4 23. Nxc4 O-O 24. Nd6 Bd7 25. Rf4 Nc6 26. Re1 f6 27. exf6 Rxf6 28. Rfe4 e5 29. Nc4 Bf5 30. R4e3 Bxd3 31. Rxd3 Re8 32. Rd7 b5 33. Nd6 Ree6 34. Ne4 Rg6 35. Kh2 Nd4 36. Nc5 Ref6 37. Rxe5 Rf2 38. Rd8+ Kh7 39. Rxh5+ Rh6 40. Rxh6+ Kxh6 41. Rxd4 Rxb2 42. Nxa6 Rxa2 43. Nc7 Rb2 44. Rd6+ Kh7 45. Rb6 b4 46. Nd5 b3 47. Ne3 Rb1 48. Nc4 Rc1 49. Nd2 Rc2 50. Nxb3 Rb2 1-0

[Event "November 21 Early 2023"]
[Site "https://www.chess.com"]
[Date "2023.11.21"]
[Round "4"]
[White "Ramla2020"]
[Black "thisjuan"]
[Result "1-0"]
[Board "183"]
[TimeControl "180+1"]
[WhiteElo "2467"]
[BlackElo "2245"]
[WhiteClock "0:01:18"]
[BlackClock "0:00:05"]

1. c4 c5 2. g3 g6 3. Bg2 Bg7 4. Nc3 Nc6 5. e3 e6 6. Nge2 Nge7 7. d4 cxd4 8. exd4 d5 9. cxd5 Nxd5 10. Nxd5 exd5 11. O-O O-O 12. Be3 Bg4 13. h3 Bxe2 14. Qxe2 Nxd4 15. Qd2 Nf5 16. Bc5 Re8 17. Qxd5 Qxd5 18. Bxd5 Bxb2 19. Rab1 Bd4 20. Bxd4 Nxd4 21. Rxb7 Ne6 22. Rc1 Rad8 23. Bb3 a5 24. Rc3 Rd2 25. Rf3 Rf8 26. Rfxf7 Rxf7 27. Bxe6 Rxf2 28. Rb8+ Kg7 29. Bxf7 Rxf7 30. Rb5 Ra7 31. Kf2 Kf6 32. Ke3 Ke6 33. Kd4 Kd6 34. a4 Kc6 35. Rd5 Rf7 36. Rxa5 Rf3 37. Rg5 Kb6 38. h4 Ra3 39. a5+ Ka6 40. Ke4 Ra1 41. Ke5 Rf1 42. Ke6 Rf2 43. Ke7 Rf3 44. Ke6 Rf2 45. h5 gxh5 46. Rxh5 Rf3 47. g4 Rg3 48. Rg5 h6 49. Rg6 h5 50. gxh5 Rh3 51. h6 Kxa5 52. Kf7 Kb5 53. Kg7 Kc5 54. h7 1-0

[Event "November 21 Early 2023"]
[Site "https://www.chess.com"]
[Date "2023.11.21"]
[Round "4"]
[White "Pourkashiyan, Atousa"]
[Black "Jimenez Fernandez, Rebeca"]
[Result "1-0"]
[Board "184"]
[TimeControl "180+1"]
[WhiteFideId "12502014"]
[BlackFideId "32070934"]
[WhiteElo "2221"]
[BlackElo "2015"]
[WhiteTeam "USA"]
[BlackTeam "ESP"]
[WhiteClock "0:00:16"]
[BlackClock "0:00:05"]

1. e4 c5 2. Nf3 Nc6 3. d4 cxd4 4. Nxd4 g6 5. c4 Bg7 6. Be3 Nf6 7. Nc3 Ng4 8. Qxg4 Nxd4 9. Qd1 Ne6 10. Qd2 Qa5 11. Be2 b6 12. O-O g5 13. a3 Bxc3 14. bxc3 Ba6 15. Rfe1 Rc8 16. c5 Bxe2 17. Rxe2 Nxc5 18. Rd1 d6 19. Bxg5 Rg8 20. e5 Ne6 21. exd6 Qxg5 22. d7+ Kd8 23. dxc8=Q+ Kxc8 24. Qxg5 Rxg5 25. g3 Rc5 26. Re3 Ra5 27. c4 h5 28. Rd5 Ra4 29. Rxh5 Rxc4 30. Rh7 Ng5 31. Rg7 f6 32. Rexe7 Rc3 33. Re8# 1-0

[Event "November 21 Early 2023"]
[Site "https://www.chess.com"]
[Date "2023.11.21"]
[Round "4"]
[White "Preobrazhenska_D2011"]
[Black "pinguino120"]
[Result "1-0"]
[Board "185"]
[TimeControl "180+1"]
[WhiteElo "2463"]
[BlackElo "2235"]
[WhiteClock "0:01:21"]
[BlackClock "0:01:30"]

1. e4 c5 2. Nf3 a6 3. c3 e6 4. d4 d5 5. e5 Bd7 6. Be2 Bb5 7. O-O Bxe2 8. Qxe2 Nc6 9. Be3 Nge7 10. a3 Nf5 11. b4 cxd4 12. cxd4 Qb6 13. Nc3 Rc8 14. Qd3 Be7 15. Nxd5 exd5 16. Qxf5 O-O 17. Rac1 a5 18. bxa5 Qxa5 19. e6 Bxa3 20. exf7+ Kh8 21. Ng5 1-0

[Event "November 21 Early 2023"]
[Site "https://www.chess.com"]
[Date "2023.11.21"]
[Round "4"]
[White "le-castor-faineant"]
[Black "Manukyan, Sargis V."]
[Result "1-0"]
[Board "186"]
[TimeControl "180+1"]
[BlackFideId "13303465"]
[WhiteElo "2234"]
[BlackElo "2236"]
[BlackTeam "ARM"]
[WhiteClock "0:00:19"]
[BlackClock "0:00:12"]

1. e4 c5 2. Nf3 Nc6 3. c3 d5 4. exd5 Qxd5 5. d4 Nf6 6. Na3 cxd4 7. Bc4 Qd8 8. cxd4 e6 9. O-O Be7 10. Nc2 O-O 11. Bf4 b6 12. h3 Bb7 13. Rc1 Rc8 14. Ne3 Nb4 15. Ne5 Nbd5 16. Bh2 Nxe3 17. fxe3 Nd5 18. Qe2 Bg5 19. Bf4 Nxf4 20. exf4 Qxd4+ 21. Kh1 Bxf4 22. Nxf7 Bxc1 23. Bxe6 Bd5 24. Nd8+ Rf7 25. Rxf7 Bxe6 26. Rf8+ Kxf8 27. Nxe6+ Kg8 28. Nxd4 Bh6 29. Qe6+ 1-0

[Event "November 21 Early 2023"]
[Site "https://www.chess.com"]
[Date "2023.11.21"]
[Round "4"]
[White "Kopczynski, Michal"]
[Black "Kuchava, Ana"]
[Result "1-0"]
[Board "187"]
[TimeControl "180+1"]
[WhiteFideId "1124200"]
[BlackFideId "13605348"]
[WhiteElo "2174"]
[BlackElo "1950"]
[WhiteTeam "POL"]
[BlackTeam "GEO"]
[WhiteClock "0:00:43"]
[BlackClock "0:00:00"]

1. e4 c5 2. d4 cxd4 3. c3 Nf6 4. e5 Nd5 5. cxd4 Nc6 6. f4 e6 7. Nf3 d6 8. Bd3 Qb6 9. Nc3 Nxc3 10. bxc3 d5 11. O-O Bd7 12. Rb1 Qc7 13. Kh1 Na5 14. Qe1 Be7 15. Qg3 g6 16. Bd2 h5 17. Nh4 Rg8 18. f5 exf5 19. Bxf5 O-O-O 20. Bxd7+ Qxd7 21. Rxf7 Bxh4 22. Rxd7 Bxg3 23. Rxd8+ Rxd8 24. hxg3 Nc4 25. Bg5 Rf8 26. Bf6 b6 27. Kh2 Kd7 28. Kh3 Ke6 29. g4 hxg4+ 30. Kxg4 Ne3+ 31. Kf3 Nc4 32. Ke2 Nd6 33. Bg7 Rf7 34. Bh6 Ne4 35. Kd3 Rf2 36. c4 1-0

[Event "November 21 Early 2023"]
[Site "https://www.chess.com"]
[Date "2023.11.21"]
[Round "4"]
[White "Chemin, Justo Reinaldo"]
[Black "Begunov, Konstantin"]
[Result "0-1"]
[Board "188"]
[TimeControl "180+1"]
[WhiteFideId "2101580"]
[BlackFideId "4118510"]
[WhiteElo "1940"]
[BlackElo "1989"]
[WhiteTeam "BRA"]
[BlackTeam "RUS"]
[WhiteClock "0:00:00"]
[BlackClock "0:00:41"]

1. e4 c5 2. Nf3 d6 3. d4 cxd4 4. Nxd4 Nf6 5. Nc3 a6 6. Bg5 e6 7. f4 Qb6 8. Nb3 Nbd7 9. Qd2 Be7 10. O-O-O O-O 11. Kb1 Qc7 12. Bd3 b5 13. Rhe1 Bb7 14. Qe2 b4 15. e5 bxc3 16. exf6 Nxf6 17. bxc3 Qxc3 18. Qd2 Qc7 19. c4 a5 20. Nd4 Qc5 21. Nb5 d5 22. Rc1 Rab8 23. a4 dxc4 24. Rxc4 Qd5 25. Rd1 Qxg2 26. Qxg2 Bxg2 27. f5 Bd5 28. Rc7 Bd6 29. Bxf6 Bxc7 30. Rg1 g6 31. fxg6 fxg6 32. Bc3 Rf3 33. Kc2 Bb6 34. Re1 Rc8 35. Kd2 Rf2+ 36. Re2 Bc4 0-1

[Event "November 21 Early 2023"]
[Site "https://www.chess.com"]
[Date "2023.11.21"]
[Round "4"]
[White "Florianovitz, Derlei Alex"]
[Black "Bychkov, Vladimir"]
[Result "1-0"]
[Board "189"]
[TimeControl "180+1"]
[WhiteFideId "2114178"]
[BlackFideId "24151513"]
[WhiteElo "1953"]
[BlackElo "2224"]
[WhiteTeam "BRA"]
[BlackTeam "RUS"]
[WhiteClock "0:00:55"]
[BlackClock "0:00:32"]

1. e4 c5 2. Nf3 d6 3. d4 cxd4 4. Nxd4 Nf6 5. Nc3 a6 6. h3 e5 7. Nde2 h5 8. g3 Be6 9. Bg2 Nbd7 10. O-O b5 11. Be3 Be7 12. Qd2 Nb6 13. Bxb6 Qxb6 14. Nd5 Bxd5 15. exd5 Rc8 16. Nc3 b4 17. Ne4 Nxe4 18. Bxe4 g6 19. c3 bxc3 20. bxc3 Qc5 21. Rac1 f5 22. Bb1 Kf7 23. Kg2 Bf6 24. f3 Rb8 25. g4 Rb6 26. gxf5 gxf5 27. Bxf5 Rg8+ 28. Kh1 Bg5 29. Be6+ Ke7 30. Qd3 Rg7 31. Rg1 Rb2 32. Rxg5 Qf2 33. Rxg7+ Kd8 34. Rd7+ Ke8 35. Qg6+ 1-0

[Event "November 21 Early 2023"]
[Site "https://www.chess.com"]
[Date "2023.11.21"]
[Round "4"]
[White "Berezin, Viktor"]
[Black "Essing, Arnold"]
[Result "1-0"]
[Board "190"]
[TimeControl "180+1"]
[WhiteFideId "14107872"]
[BlackFideId "4619862"]
[WhiteElo "2310"]
[BlackElo "2257"]
[WhiteTeam "UKR"]
[BlackTeam "GER"]
[WhiteClock "0:00:53"]
[BlackClock "0:01:10"]

1. Nf3 d5 2. c4 e6 3. g3 c5 4. Bg2 Nc6 5. O-O dxc4 6. Qa4 Bd7 7. Qxc4 Nf6 8. Nc3 Be7 9. d4 cxd4 10. Nxd4 Nxd4 11. Qxd4 Bc6 12. Bxc6+ bxc6 13. Qc4 c5 14. Be3 Rc8 15. Rfd1 Qa5 16. Rac1 O-O 17. b3 h6 18. Qa4 Qb4 19. Qxa7 c4 20. bxc4 Rxc4 21. Bd2 Bc5 22. Qa6 Rc8 23. Qxc8+ Kh7 24. Qa6 1-0

[Event "November 21 Early 2023"]
[Site "https://www.chess.com"]
[Date "2023.11.21"]
[Round "4"]
[White "Osmonbekov, Talaibek"]
[Black "Khromkin, Andrey"]
[Result "0-1"]
[Board "191"]
[TimeControl "180+1"]
[WhiteFideId "2017253"]
[BlackFideId "4154126"]
[WhiteElo "2135"]
[BlackElo "2452"]
[WhiteTeam "USA"]
[BlackTeam "RUS"]
[WhiteClock "0:00:20"]
[BlackClock "0:00:14"]

1. d4 d5 2. Nc3 Nf6 3. Bf4 a6 4. e3 Bf5 5. Nf3 e6 6. Ne5 h6 7. g4 Bh7 8. h4 Nbd7 9. Bd3 Nxe5 10. dxe5 Ne4 11. Nxe4 Bxe4 12. Bxe4 dxe4 13. Qd4 Qxd4 14. exd4 c5 15. O-O-O O-O-O 16. c3 cxd4 17. cxd4 Bb4 18. Rh3 g5 19. Be3 Be7 20. hxg5 hxg5 21. Rdh1 Rh4 22. Rxh4 gxh4 23. g5 Rh8 24. Rh3 Rh5 25. Kd2 Kd7 26. Bf4 Kc6 27. Ke3 Kd5 28. b3 b5 29. a4 bxa4 30. bxa4 a5 31. f3 exf3 32. Kxf3 Kxd4 33. Kg4 Rh7 34. Rh1 h3 35. Rd1+ Kc4 36. Rd7 Bb4 37. Bh2 Kb3 38. g6 Rg7 39. Rxf7 Rxg6+ 40. Kxh3 Kxa4 41. Rf6 Rxf6 42. exf6 Kb3 43. Be5 a4 44. f7 a3 45. Kg4 Kc2 46. Kg5 Be7+ 47. Kg6 Kb1 48. Kg7 a2 49. f8=Q Bxf8+ 50. Kxf8 a1=Q 51. Bxa1 Kxa1 52. Kf7 e5 53. Kf6 e4 54. Kf5 e3 55. Kf4 e2 56. Kf3 e1=Q 0-1

[Event "November 21 Early 2023"]
[Site "https://www.chess.com"]
[Date "2023.11.21"]
[Round "4"]
[White "Mishra, Manoj"]
[Black "topce"]
[Result "1-0"]
[Board "192"]
[TimeControl "180+1"]
[WhiteFideId "5006007"]
[WhiteElo "1847"]
[BlackElo "2449"]
[WhiteTeam "IND"]
[WhiteClock "0:00:20"]
[BlackClock "0:00:00"]

1. d4 Nf6 2. Bg5 d5 3. e3 c6 4. Bd3 Bg4 5. Nf3 Nbd7 6. h3 Bxf3 7. gxf3 e6 8. f4 h6 9. Bh4 Qb6 10. Nd2 Qxb2 11. Rb1 Qxa2 12. Rxb7 a5 13. O-O Bb4 14. Nf3 O-O 15. Ne5 Nxe5 16. fxe5 Ne4 17. Qg4 Rfb8 18. Rd7 Rd8 19. Bxd8 Rxd8 20. Rxd8+ 1-0

[Event "November 21 Early 2023"]
[Site "https://www.chess.com"]
[Date "2023.11.21"]
[Round "4"]
[White "ATM622"]
[Black "seasidesunset"]
[Result "1-0"]
[Board "193"]
[TimeControl "180+1"]
[WhiteElo "2447"]
[BlackElo "2181"]
[WhiteClock "0:00:12"]
[BlackClock "0:00:00"]

1. d4 Nf6 2. c4 g6 3. g3 Bg7 4. Bg2 d5 5. Nf3 c6 6. O-O O-O 7. Nbd2 b6 8. b3 Bb7 9. Bb2 Nbd7 10. Rc1 e6 11. Qc2 Rc8 12. e4 dxe4 13. Nxe4 Nxe4 14. Qxe4 Nf6 15. Qb1 c5 16. dxc5 bxc5 17. Rfd1 Qe7 18. Be5 Rfd8 19. Qb2 Ne8 20. Bxg7 Nxg7 21. h4 Nf5 22. Qe5 Bxf3 23. Bxf3 Nd4 24. Bg2 a5 25. h5 f6 26. Qe3 Kg7 27. g4 e5 28. f4 Re8 29. Re1 Qd7 30. h6+ Kxh6 31. fxe5+ g5 32. Qh3+ Kg7 33. exf6+ Kh8 34. Kh1 Ne6 35. Rcd1 Qf7 36. Qh6 Nf4 37. Be4 Rcd8 38. Kh2 1-0

[Event "November 21 Early 2023"]
[Site "https://www.chess.com"]
[Date "2023.11.21"]
[Round "4"]
[White "Rosenberg, Evan S"]
[Black "Hartikainen, Jarmo"]
[Result "1-0"]
[Board "194"]
[TimeControl "180+1"]
[WhiteFideId "2019299"]
[BlackFideId "503134"]
[WhiteElo "2443"]
[BlackElo "2159"]
[WhiteTeam "USA"]
[BlackTeam "FIN"]
[WhiteClock "0:00:39"]
[BlackClock "0:00:02"]

1. d4 d5 2. Nf3 Nf6 3. g3 g6 4. Bg2 Bg7 5. O-O O-O 6. c4 c5 7. cxd5 cxd4 8. Nxd4 Nxd5 9. Nc3 Nxc3 10. bxc3 a6 11. Rb1 Qc7 12. Bd2 e5 13. Nb3 Nc6 14. Qc1 Be6 15. Bh6 b5 16. Bxg7 Kxg7 17. a4 Bxb3 18. Rxb3 bxa4 19. Ra3 Rac8 20. Rxa4 Nd4 21. Qe3 Nb5 22. c4 Nd4 23. Rxa6 Rfe8 24. Rc1 Qc5 25. Bd5 Re7 26. Kg2 f5 27. Rb1 f4 28. Qe4 fxg3 29. hxg3 h5 30. Qxg6+ Kh8 31. Qxh5+ Kg7 32. Rg6+ Kf8 33. Qh8# 1-0

[Event "November 21 Early 2023"]
[Site "https://www.chess.com"]
[Date "2023.11.21"]
[Round "4"]
[White "Bashirli, Saadat"]
[Black "Semenova, Alina"]
[Result "0-1"]
[Board "195"]
[TimeControl "180+1"]
[WhiteFideId "13429990"]
[BlackFideId "24113875"]
[WhiteElo "1537"]
[BlackElo "1827"]
[WhiteTeam "AZE"]
[BlackTeam "RUS"]
[WhiteClock "0:00:10"]
[BlackClock "0:00:17"]

1. d4 d5 2. e3 Nf6 3. f4 e6 4. Bd3 Be7 5. c3 O-O 6. Nf3 Nbd7 7. O-O c5 8. Nbd2 b6 9. Ne5 Bb7 10. Qe2 Ne4 11. Rf3 f5 12. Rh3 Nxe5 13. fxe5 g6 14. Nf3 Qd7 15. Bd2 Rac8 16. Rf1 g5 17. Bxe4 dxe4 18. Ne1 g4 19. Rg3 Bh4 20. Rxg4+ fxg4 21. Qxg4+ Kh8 22. Rxf8+ Rxf8 23. Qxh4 Qf7 24. h3 Qf1+ 25. Kh2 Qf2 26. Qe7 Qf7 27. Qxf7 Rxf7 28. Kg3 Kg7 29. Nc2 Ba6 30. Be1 Bd3 31. Na3 a6 32. Bf2 h5 33. h4 Kg6 34. dxc5 bxc5 35. b3 Rf5 36. b4 Rxe5 37. Be1 Rf5 38. c4 Rf1 39. Bd2 cxb4 40. Bxb4 Rc1 41. Bd2 Ra1 42. Kf4 Rxa2 43. Bb4 a5 44. Be7 Rxg2 45. Ke5 Rc2 46. c5 Rc3 47. Kd4 Rxa3 48. c6 Ra1 49. Kc5 Rc1+ 50. Kb6 a4 51. c7 Ba6 52. Kxa6 Rxc7 53. Kb5 Rxe7 54. Kxa4 Rf7 55. Kb5 Rf3 56. Kc4 Rxe3 57. Kd4 Rh3 58. Kxe4 Rxh4+ 59. Ke5 Rg4 60. Kxe6 h4 61. Ke5 h3 62. Kd5 h2 63. Ke5 h1=Q 64. Kd6 Rd4+ 65. Ke6 Qd5+ 66. Ke7 Qd7+ 67. Kf8 Qd8# 0-1

[Event "November 21 Early 2023"]
[Site "https://www.chess.com"]
[Date "2023.11.21"]
[Round "4"]
[White "Mangialardo, Tiago Carvalho"]
[Black "Minko, Dmitry"]
[Result "0-1"]
[Board "196"]
[TimeControl "180+1"]
[WhiteFideId "2130718"]
[BlackFideId "24188468"]
[WhiteElo "2152"]
[BlackElo "1992"]
[WhiteTeam "BRA"]
[BlackTeam "FID"]
[WhiteClock "0:00:00"]
[BlackClock "0:00:23"]

1. e4 e5 2. Nf3 Nc6 3. Bb5 Nf6 4. O-O Nxe4 5. d4 Nd6 6. Bxc6 dxc6 7. dxe5 Nf5 8. Qxd8+ Kxd8 9. Bf4 Be7 10. Nbd2 Be6 11. b3 h5 12. Ne4 Ke8 13. c4 Rd8 14. Rad1 h4 15. Rxd8+ Bxd8 16. Rd1 h3 17. g3 b6 18. Bg5 Bxg5 19. Nfxg5 Ke7 20. Kf1 Bc8 21. Ke2 c5 22. Nc3 Nd4+ 23. Ke3 Bb7 24. Nd5+ Bxd5 25. cxd5 f6 26. exf6+ Kxf6 27. Ne4+ Ke5 28. Nc3 Re8 29. f4+ Kf5+ 30. Kd3 Kg4 31. Rf1 Nf3 32. Rf2 Re1 33. Ne4 Nd4 34. Nd2 Rd1 35. Ke3 Re1+ 36. Kd3 Ra1 37. Nc4 Rg1 38. Ne3+ Kh5 39. g4+ Kg6 40. f5+ Kg5 41. Nc4 Rxg4 42. Ne5 Rg2 43. Nf7+ Kf6 44. Nh8 Rxf2 0-1

[Event "November 21 Early 2023"]
[Site "https://www.chess.com"]
[Date "2023.11.21"]
[Round "4"]
[White "Petersson, Kjell"]
[Black "PoXerStar"]
[Result "1/2-1/2"]
[Board "197"]
[TimeControl "180+1"]
[WhiteFideId "1705148"]
[WhiteElo "1994"]
[BlackElo "2440"]
[WhiteTeam "SWE"]
[WhiteClock "0:00:14"]
[BlackClock "0:00:06"]

1. d4 Nf6 2. Bf4 g6 3. Nc3 d5 4. e3 Bg7 5. Nb5 Na6 6. Nc3 Nb8 7. Nb5 Na6 8. Nc3 c6 9. Bxa6 bxa6 10. Be5 O-O 11. Nge2 Re8 12. O-O a5 13. Na4 Bh6 14. Nc5 Nd7 15. Nxd7 Qxd7 16. Qd2 f6 17. Bf4 Bxf4 18. Nxf4 e5 19. dxe5 fxe5 20. Nd3 Qc7 21. Nc5 Rb8 22. b3 Rb4 23. a3 Rh4 24. g3 Rh5 25. f3 Bh3 26. Rf2 Rf5 27. e4 Rf7 28. Re1 d4 29. Nd3 Ref8 30. f4 exf4 31. Nxf4 Bd7 32. Qxd4 c5 33. Qc4 Qb6 34. Ref1 Bb5 35. Qd5 Bxf1 36. Rxf1 c4+ 37. Kg2 cxb3 38. cxb3 Rd8 39. Qxf7+ Kxf7 40. Nd5+ Ke6 41. Nxb6 axb6 42. Rf3 Rd2+ 43. Rf2 Rd3 44. Rf3 Rd2+ 45. Kh3 Ra2 46. a4 Ke5 47. Rf7 Rb2 48. Rxh7 Kxe4 49. Rg7 Kf5 50. Rf7+ Kg5 51. Re7 Rxb3 52. Re6 Rb2 53. Rd6 Rb4 54. Rd5+ Kf6 55. Kg2 Ke6 56. Rg5 Kf6 57. Rd5 Kg7 58. Rd6 Kh6 59. h4 Rb2+ 60. Kh3 Rb3 61. Kg4 Rb4+ 62. Kh3 Rxa4 63. Rxb6 Rb4 64. Ra6 a4 65. Kg2 Kh7 66. Kh2 Rc4 67. Kg2 Kg7 68. Kh2 Kf7 69. Kg2 Rd4 70. Kh2 Re4 71. Kg2 Rg4 72. Kh2 Rc4 73. Kg2 Kg7 74. Kh2 g5 75. Kg2 gxh4 76. gxh4 Rxh4 77. Kf2 Kf7 78. Ke2 Rd4 79. Ke3 Rh4 80. Kd2 Ke7 81. Kc2 Kd7 82. Kb2 Kc7 83. Ka3 Rh1 84. Rxa4 Kb7 85. Rb4+ Kc6 86. Kb3 Kc5 87. Rg4 Rh3+ 88. Kc2 Rh5 89. Kd3 Rd5+ 90. Kc3 Re5 91. Kd3 Rd5+ 92. Kc3 Re5 93. Kd3 Rd5+ 1/2-1/2

[Event "November 21 Early 2023"]
[Site "https://www.chess.com"]
[Date "2023.11.21"]
[Round "4"]
[White "Feliz Dotel, Dewar Bienvenido"]
[Black "Mazurkiewicz, Michal"]
[Result "0-1"]
[Board "198"]
[TimeControl "180+1"]
[WhiteFideId "6402801"]
[BlackFideId "1124943"]
[WhiteElo "2069"]
[BlackElo "2124"]
[WhiteTeam "DOM"]
[BlackTeam "POL"]
[WhiteClock "0:00:39"]
[BlackClock "0:02:00"]

1. d4 Nf6 2. e3 g6 3. Nf3 Bg7 4. Be2 O-O 5. b4 d6 6. Bb2 Nbd7 7. c4 Re8 8. Nc3 e5 9. O-O e4 10. Nd2 Nf8 11. Qb3 Bf5 12. a4 h5 13. a5 a6 14. b5 N8h7 15. c5 axb5 16. Qxb5 Ng4 17. Ba3 Qh4 18. Bxg4 hxg4 19. Qxb7 Ng5 20. cxd6 Nf3+ 21. Nxf3 gxf3 22. dxc7 Qg4 23. h3 Qxg2# 0-1

[Event "November 21 Early 2023"]
[Site "https://www.chess.com"]
[Date "2023.11.21"]
[Round "4"]
[White "Castillo Pena, Patricia Evarista"]
[Black "Kovalevsky, Stanislav"]
[Result "1-0"]
[Board "199"]
[TimeControl "180+1"]
[WhiteFideId "6412106"]
[BlackFideId "13508598"]
[WhiteElo "1861"]
[BlackElo "2092"]
[WhiteTeam "DOM"]
[BlackTeam "FID"]
[WhiteClock "0:00:04"]
[BlackClock "0:00:16"]

1. d4 d5 2. Nf3 Nf6 3. e3 c5 4. Bd3 Nc6 5. b3 Bg4 6. Bb2 e6 7. Nbd2 a6 8. h3 Bh5 9. O-O Bd6 10. c4 O-O 11. Rc1 Rc8 12. dxc5 Bxc5 13. cxd5 Nb4 14. Bb1 Nbxd5 15. Ne4 Be7 16. Ng3 Rxc1 17. Qxc1 Bxf3 18. gxf3 Qd7 19. Ne4 Rc8 20. Qd2 Qb5 21. Rd1 h6 22. Kh2 Rd8 23. Qc2 g6 24. Nxf6+ Bxf6 25. Bxf6 Rd6 26. Be5 Rc6 27. Qd3 Qa5 28. Bd4 Nb4 29. Qe4 Kf8 30. Qe5 Qa3 31. Qh8+ Ke7 32. Bf6# 1-0

[Event "November 21 Early 2023"]
[Site "https://www.chess.com"]
[Date "2023.11.21"]
[Round "4"]
[White "dumbernugget"]
[Black "Bogaudinov, Rushan"]
[Result "0-1"]
[Board "200"]
[TimeControl "180+1"]
[BlackFideId "4129288"]
[WhiteElo "1843"]
[BlackElo "1908"]
[BlackTeam "RUS"]
[WhiteClock "0:00:02"]
[BlackClock "0:00:23"]

1. d4 d5 2. c4 e6 3. Nc3 Nf6 4. cxd5 exd5 5. Bg5 c6 6. e3 Be7 7. Bd3 Nbd7 8. Qc2 O-O 9. Nf3 h6 10. Bh4 Re8 11. O-O Ne4 12. Bxe4 Bxh4 13. Bh7+ Kh8 14. Nxh4 Qxh4 15. Bd3 g6 16. b4 Nf6 17. b5 Bd7 18. bxc6 Bxc6 19. Nb5 Bxb5 20. Bxb5 Rec8 21. Qb3 Kg7 22. Be2 Rc7 23. Rac1 Rac8 24. Qb2 Ne4 25. g3 Qf6 26. Rxc7 Rxc7 27. f3 Ng5 28. Kg2 Qc6 29. Rb1 b6 30. Bd3 h5 31. h4 Ne6 32. e4 dxe4 33. d5+ Qc3 34. Bxe4 Qxb2+ 35. Rxb2 Nc5 36. Rd2 Rd7 37. d6 Nxe4 38. fxe4 Kf6 39. Kf3 Ke6 40. Ke3 Rxd6 41. Rc2 Rd7 42. Rc6+ Ke5 43. a4 Rb7 44. Rc4 a6 45. Rc6 f6 46. a5 bxa5 47. Rc5+ Kd6 48. Rxa5 Rb6 49. Kf4 Ke6 50. Ra4 Kd7 51. Ra5 Kc7 52. e5 Rb4+ 53. Ke3 Kb6 54. Rd5 fxe5 55. Rxe5 Rg4 56. Kf3 a5 57. Re1 a4 58. Ra1 Ka5 59. Re1 a3 60. Re8 Ka4 61. Rb8 a2 62. Rb7 Ka3 63. Ra7+ Ra4 64. Rd7 a1=Q 65. Rd3+ Kb2 66. Rd2+ Kc3 0-1

[Event "November 21 Early 2023"]
[Site "https://www.chess.com"]
[Date "2023.11.21"]
[Round "4"]
[White "LangesNasenhaar"]
[Black "Skiadopoulos, Nikolaos"]
[Result "1-0"]
[Board "201"]
[TimeControl "180+1"]
[BlackFideId "4200772"]
[WhiteElo "2430"]
[BlackElo "2022"]
[BlackTeam "GRE"]
[WhiteClock "0:01:21"]
[BlackClock "0:00:26"]

1. d4 Nf6 2. Nc3 c5 3. dxc5 Na6 4. e4 Nxc5 5. e5 Nfe4 6. Qd4 Nxc3 7. Qxc5 Ne4 8. Qe3 d5 9. exd6 Nxd6 10. Bd2 Bf5 11. Nf3 Qc7 12. Bc3 a6 13. Nd4 Bd7 14. Bd3 e6 15. O-O Be7 16. Rad1 O-O-O 17. Nb3 Kb8 18. Ba5 Nc4 19. Bxc7+ 1-0

[Event "November 21 Early 2023"]
[Site "https://www.chess.com"]
[Date "2023.11.21"]
[Round "4"]
[White "Goswami, Vedant"]
[Black "Kanyamarala, Trisha"]
[Result "0-1"]
[Board "202"]
[TimeControl "180+1"]
[WhiteFideId "5003725"]
[BlackFideId "45004722"]
[WhiteElo "2011"]
[BlackElo "2078"]
[WhiteTeam "IND"]
[BlackTeam "IRL"]
[WhiteClock "0:00:02"]
[BlackClock "0:00:03"]

1. c3 d5 2. d4 Nf6 3. Bf4 e6 4. Nf3 c5 5. Nbd2 Nc6 6. e3 Nh5 7. Bg5 f6 8. Bh4 g6 9. Bd3 cxd4 10. exd4 Be7 11. O-O O-O 12. Re1 Re8 13. c4 Nf4 14. Bf1 a6 15. Qb3 Na5 16. Qc3 Bd7 17. Bg3 Bd6 18. b4 Nc6 19. a3 Rc8 20. Rac1 Qc7 21. c5 Bf8 22. a4 e5 23. Bxf4 exf4 24. b5 axb5 25. axb5 Ne7 26. Qb3 Kh8 27. Bd3 Bf5 28. Re2 Bxd3 29. Qxd3 Nf5 30. Rce1 Rxe2 31. Qxe2 Qd7 32. b6 Rd8 33. h3 Kg8 34. Nb1 Ng7 35. Nc3 Re8 36. Qd2 Rxe1+ 37. Qxe1 g5 38. Qd1 h5 39. Qb3 g4 40. hxg4 hxg4 41. Nd2 Qe7 42. Nxd5 Qe1+ 43. Nf1 Kh7 44. Nxf6+ Kg6 45. Nxg4 Nf5 46. Qe6+ Qxe6 47. Ne5+ Kh7 48. Nh2 Bg7 49. Nhg4 Bxe5 50. d5 Qxd5 51. g3 Qd1+ 52. Kg2 Qxg4 0-1